Map: 킹스 코브 - 래더

Players

Ragnarok (SHIN) - Winner!

  • Race: Zerg Zerg
  • Spawn Location: 11:00

soul

  • Race: Terran Terran
  • League: Grandmaster
  • Spawn Location: 5:00

Event: 2019 Assembly Summer

VOD

Have the link to the VOD?

Description

Time

  • Played on: Aug. 1, 2019, 7:27 a.m.
  • Length: 18:42

All games in this series

Show
View Real Time Build Order
Export as new Build Order

Ragnarok Zerg - Winner!

Build Orders: Hatch First, Muta Ling Bane 

Get SALT Encoding   

  12  0:01  Drone  
  13  0:14  Overlord  
  13  0:18  Drone  
  14  0:32  Drone x2  
  16  0:37  Drone  
  17  0:54  Hatchery  
  17  0:56  Drone  
  17  1:00  Drone  
  18  1:10  Extractor  
  17  1:15  Spawning Pool  
  17  1:18  Drone  
  17  1:21  Drone  
  18  1:30  Drone  
  19  1:41  Drone  
  20  1:52  Overlord  
  20  2:01  Queen  
  20  2:05  Queen  
  20  2:06  Zergling x4  
  26  2:15  Drone  
  27  2:17  Drone  
  28  2:26  Hatchery  
  27  2:33  Metabolic Boost  
  27  2:35  Drone  
  28  2:41  Drone  
  29  2:47  Queen  
  29  2:51  Drone  
  32  2:56  Drone  
  33  2:59  Overlord  
  33  3:04  Drone  
  34  3:08  Pneumatized Carapace  
  34  3:11  Drone x2  
  36  3:18  Drone  
  36  3:19  Drone x2  
  39  3:22  Drone  
  39  3:23  Drone  
  41  3:27  Overlord  
  41  3:29  Drone  
  42  3:35  Drone  
  42  3:38  Queen  
  42  3:39  Drone  
  46  3:41  Drone  
  46  3:46  Zergling x2  
  46  3:47  Zergling x2  
  49  3:49  Queen  
  49  3:54  Overlord  
  51  3:55  Extractor  
  51  3:57  Zergling x2  
  51  3:59  Zergling x2  
  51  4:00  Zergling x2  
  53  4:05  Drone x3  
  53  4:06  Drone  
  53  4:08  Overlord  
  58  4:12  Overlord  
  58  4:14  Drone  
  59  4:20  Queen  
  59  4:21  Drone  
  62  4:25  Drone x2  
  62  4:26  Drone  
  62  4:29  Queen  
  67  4:32  Drone  
  67  4:33  Drone  
  67  4:37  Drone  
  67  4:38  Drone  
  71  4:43  Drone x3  
  71  4:44  Drone  
  75  4:46  Drone x4  
  75  4:49  Drone x2  
  75  4:50  Drone  
  82  4:53  Baneling Nest  
  82  4:54  Drone  
  82  5:02  Overlord x2  
  82  5:05  Extractor x2  
  82  5:06  Lair  
  80  5:12  Overlord  
  80  5:13  Zergling x4  
  82  5:18  Extractor  
  82  5:19  Drone x2, Evolution Chamber, Extractor  
  82  5:20  Overlord  
  81  5:21  Drone, Evolution Chamber  
  81  5:22  Drone x3  
  81  5:23  Drone  
  81  5:25  Drone  
  86  5:31  Drone x2  
  86  5:33  Drone x3  
  91  5:36  Drone  
  91  5:42  Drone  
  93  5:45  Zerg Melee Weapons Level 1, Extractor  
  93  5:46  Zergling x10  
  97  5:50  Zerg Ground Armor Level 1  
  97  5:52  Hatchery  
  96  5:57  Zergling x10  
  96  5:58  Zergling x2  
  102  6:06  Centrifical Hooks  
  102  6:10  Spore Crawler, Zergling x14  
  108  6:19  Drone  
  108  6:20  Spire  
  108  6:21  Zergling x2  
  108  6:22  Spore Crawler, Zergling x6  
  108  6:23  Baneling x4  
  108  6:24  Baneling  
  111  6:26  Baneling x3  
  111  6:27  Zergling x4  
  113  6:34  Baneling x4  
  113  6:37  Zergling x2  
  113  6:39  Overlord x2  
  113  6:40  Overlord  
  113  6:43  Overlord  
  113  6:50  Baneling x3  
  113  6:57  Drone  
  113  6:58  Baneling x2  
  113  6:59  Zergling x18  
  123  7:02  Baneling x2  
  121  7:09  Drone x3  
  121  7:11  Drone  
  122  7:24  Zergling x20  
  122  7:25  Baneling x2  
  122  7:26  Baneling x5  
  130  7:34  Mutalisk  
  130  7:35  Mutalisk x5  
  133  7:40  Zergling x6  
  136  7:44  Zerg Melee Weapons Level 2  
  136  7:45  Zergling x6  
  134  7:52  Zergling x18  
  134  7:55  Zerg Ground Armor Level 2  
  134  8:07  Zergling x10  
  134  8:11  Mutalisk x2  
  129  8:17  Mutalisk  
  129  8:18  Mutalisk  
  116  8:21  Zergling x2  
  116  8:22  Zergling x22  
  116  8:25  Baneling x4  
  116  8:26  Zergling x4  
  125  8:31  Baneling x4  
  125  8:32  Drone x2  
  125  8:34  Drone  
  128  8:40  Zergling x2, Mutalisk  
  129  8:43  Baneling x2  
  129  8:47  Zergling x6  
  129  8:48  Zergling x2, Mutalisk  
  132  8:53  Zergling x4  
  137  8:56  Mutalisk  
  137  9:02  Mutalisk  
  128  9:03  Zergling x16  
  128  9:04  Zergling x4  
  128  9:05  Baneling x2  
  128  9:06  Baneling x2  
  128  9:07  Zergling x2  
  127  9:10  Zergling x2  
  127  9:11  Zergling x4  
  127  9:13  Mutalisk  
  127  9:14  Zergling x2  
  124  9:18  Zergling x4  
  124  9:22  Hatchery  
  120  9:25  Zergling x4  
  120  9:26  Baneling x10  
  120  9:28  Zergling x8  
  120  9:29  Zergling x4  
  120  9:30  Zergling x2  
  129  9:33  Baneling x4  
  129  9:36  Zergling x2  
  129  9:38  Zergling x2  
  131  9:39  Baneling x4  
  131  9:43  Zergling x4  
  133  9:49  Overlord  
  133  9:52  Mutalisk  
  133  9:54  Baneling  
  133  9:55  Baneling x5  
  133  9:59  Drone x2  
  137  10:00  Queen  
  137  10:05  Mutalisk x2  
  143  10:09  Overlord  
  143  10:14  Drone x4  
  145  10:15  Baneling  
  145  10:16  Baneling x5  
  147  10:21  Overlord x2  
  147  10:25  Hatchery, Overlord x2  
  146  10:35  Drone  
  146  10:36  Mutalisk x3  
  146  10:41  Drone x5  
  154  10:45  Zergling x2  
  155  10:50  Infestation Pit, Baneling x6  
  155  10:52  Zergling x6  
  155  10:53  Zergling x2  
  155  10:54  Zergling x4  
  160  11:01  Zergling x4  
  160  11:02  Extractor  
  161  11:06  Zergling x6  
  161  11:10  Baneling x10  
  164  11:13  Overseer x2  
  164  11:15  Zergling x12  
  170  11:20  Mutalisk  
  170  11:22  Drone x5  
  170  11:23  Drone x2  
  179  11:27  Hive  
  179  11:30  Zergling x4  
  179  11:31  Zergling x6  
  179  11:33  Baneling x5  
  179  11:37  Baneling  
  179  11:39  Zergling x2  
  179  11:40  Zergling x4  
  179  11:42  Zergling x4  
  179  11:43  Baneling x7  
  183  11:51  Zergling x16  
  191  11:55  Baneling  
  191  11:56  Baneling x5  
  191  11:59  Zergling x6  
  191  12:00  Zergling x4  
  182  12:03  Zergling x8  
  182  12:08  Drone x4  
  188  12:10  Drone  
  188  12:14  Zergling x4  
  190  12:15  Baneling  
  190  12:16  Baneling x13  
  190  12:24  Baneling x10  
  190  12:32  Zergling x16  
  190  12:33  Overlord  
  190  12:34  Overlord  
  190  12:36  Overlord  
  191  12:41  Zerg Melee Weapons Level 3  
  157  12:51  Mutalisk  
  157  12:52  Mutalisk, Zergling x2  
  157  12:53  Zergling x28  
  157  12:54  Zergling x2  
  159  13:01  Ultralisk Cavern  
  159  13:05  Mutalisk x2  
  158  13:06  Zergling x12  
  158  13:07  Zergling x4  
  158  13:10  Zergling x2  
  158  13:12  Extractor  
  170  13:14  Zergling x4  
  170  13:15  Zergling x6  
  170  13:16  Adrenal Glands  
  170  13:18  Zergling x4  
  177  13:22  Overseer  
  177  13:27  Zergling x6  
  177  13:30  Drone x2  
  182  13:35  Extractor  
  182  13:36  Zerg Ground Armor Level 3  
  182  13:38  Zergling x2  
  182  13:39  Zergling x12  
  177  13:41  Zergling x6  
  177  13:47  Chitinous Plating  
  174  13:48  Zerg Flyer Weapons Level 1  
  174  13:49  Zergling x2  
  174  13:50  Zergling x8  
  174  13:54  Drone x3  
  182  13:57  Hatchery  
  182  14:00  Zergling x4  
  182  14:01  Zergling x4  
  185  14:08  Drone x3  
  184  14:10  Baneling x6  
  184  14:11  Baneling x6  
  184  14:12  Drone x2  
  184  14:16  Zergling x6  
  184  14:17  Baneling x2  
  184  14:18  Baneling  
  184  14:20  Baneling x5  
  184  14:23  Baneling x5  
  182  14:27  Baneling x9  
  182  14:28  Zergling x2  
  182  14:29  Zergling x2  
  179  14:32  Zergling x4  
  179  14:33  Zergling x4  
  179  14:37  Baneling  
  179  14:38  Baneling x5  
  183  14:46  Ultralisk, Zergling x4  
  190  14:59  Ultralisk, Zergling x2  
  195  15:00  Zergling x8  
  195  15:01  Baneling x4  
  195  15:06  Anabolic Synthesis  
  199  15:11  Baneling  
  199  15:12  Baneling x2  
  199  15:17  Baneling x6  
  199  15:19  Zergling x2  
  198  15:27  Zergling x12  
  198  15:28  Zergling x12  
  198  15:33  Zergling x14  
  198  15:34  Zergling x2  
  198  15:35  Baneling x16  
  193  15:36  Baneling x5  
  193  15:41  Zergling x6  
  191  15:49  Ultralisk, Zergling x2  
  169  15:51  Zergling x2  
  169  15:52  Ultralisk, Zergling x6  
  169  15:54  Zergling x2  
  162  15:58  Zergling x2  
  162  16:01  Ultralisk, Zergling x4  
  162  16:03  Spore Crawler, Zergling x2  
  169  16:05  Zergling x2  
  169  16:10  Zergling x2  
  166  16:12  Ultralisk, Zergling x4  
  166  16:14  Zergling x4  
  166  16:18  Zergling x2  
  170  16:22  Zergling x4  
  159  16:28  Ultralisk, Zergling x4  
  159  16:29  Zergling x2  
  159  16:32  Zergling x4  
  164  16:33  Zergling x2  
  164  16:35  Zergling x2  
  164  16:39  Zergling x4  
  168  16:40  Spore Crawler, Baneling x13  
  168  16:43  Overseer x2  
  168  16:44  Hatchery  
  168  16:45  Zergling x6  
  168  16:46  Zergling x2  
  170  16:48  Baneling x3, Zergling x2  
  170  16:52  Zergling x2  
  172  16:55  Zergling x6  
  172  16:56  Zergling x2  
  176  17:04  Zergling x6  
  176  17:06  Baneling  
  176  17:07  Baneling x6  
  176  17:08  Baneling x4  
  179  17:09  Zergling x6  
  179  17:10  Baneling x7  
  179  17:12  Zergling x4  
  179  17:14  Drone  
  179  17:15  Spine Crawler  
  183  17:19  Zergling x2  
  191  17:22  Ultralisk, Zergling x2  
  191  17:23  Zergling x4  
  191  17:27  Zergling x4  
  191  17:28  Zergling x4  
  192  17:32  Zergling x4  
  192  17:36  Drone  
  189  17:38  Drone, Nydus Network x2  
  189  17:42  Overseer  
  188  17:45  Zergling x8  
  188  17:46  Baneling x8  
  188  17:48  Zergling x4  
  188  17:51  Zergling x4  
  196  17:52  Zergling x2  
  196  17:55  Zergling x2  
  196  17:56  Zergling x2  
  199  18:05  Overlord  
  199  18:12  Zergling x2  
  198  18:14  Nydus Canal x2, Zergling x2  
  198  18:17  Zergling x2  
  198  18:19  Overseer  
  192  18:20  Overseer  
  192  18:23  Zergling x6  
Show
View Real Time Build Order
Export as new Build Order

soul Terran 

Build Orders: Hellion Opening, Reaper Expand 

Get SALT Encoding   

  12  0:00  SCV  
  13  0:12  SCV  
  14  0:17  Supply Depot  
  14  0:25  SCV  
  15  0:39  SCV  
  15  0:40  Barracks  
  16  0:44  Refinery  
  16  0:51  SCV  
  17  1:03  SCV  
  18  1:15  SCV  
  19  1:28  Reaper, Orbital Command  
  20  1:42  Command Center  
  20  1:52  Supply Depot  
  20  1:54  SCV  
  20  2:00  Marine  
  22  2:07  Factory  
  22  2:11  SCV  
  23  2:22  Barracks Reactor  
  23  2:23  SCV  
  24  2:35  SCV  
  25  2:42  Command Center  
  25  2:47  SCV  
  27  3:02  Orbital Command  
  27  3:03  Hellion  
  28  3:06  Hellion  
  28  3:09  Barracks Tech Lab  
  28  3:10  SCV  
  31  3:22  SCV  
  31  3:24  Hellion  
  34  3:27  Hellion  
  34  3:28  SCV  
  37  3:34  SCV  
  37  3:36  Barracks Tech Lab  
  37  3:40  SCV  
  39  3:46  Hellion, SCV  
  42  3:49  Hellion  
  42  3:52  SCV  
  42  3:54  Stimpack, Marine  
  42  3:55  Orbital Command  
  46  3:58  SCV  
  47  4:04  SCV  
  47  4:09  Refinery  
  48  4:10  Starport  
  48  4:11  SCV  
  48  4:16  SCV  
  50  4:17  Factory Reactor  
  50  4:20  Supply Depot  
  50  4:21  SCV  
  50  4:23  SCV  
  52  4:28  SCV  
  52  4:29  Barracks  
  53  4:33  Barracks, Refinery x2  
  53  4:35  SCV  
  53  4:37  SCV  
  55  4:40  SCV  
  55  4:42  Marine  
  55  4:45  Supply Depot  
  57  4:47  Starport Reactor  
  57  4:48  SCV  
  57  4:49  Supply Depot, SCV  
  57  4:52  SCV  
  60  4:58  Engineering Bay  
  60  5:00  SCV  
  60  5:01  Engineering Bay  
  60  5:03  Marine  
  60  5:04  SCV  
  63  5:07  Supply Depot, SCV  
  63  5:13  SCV  
  65  5:17  Orbital Command  
  65  5:20  Marine  
  66  5:22  Marine x2  
  66  5:25  Medivac  
  66  5:26  Medivac  
  66  5:27  Marine x2  
  74  5:30  Terran Infantry Weapons Level 1  
  74  5:32  SCV  
  74  5:34  Terran Infantry Armor Level 1, SCV  
  76  5:37  Siege Tank  
  76  5:38  Marine  
  76  5:40  Marine x2  
  76  5:42  SCV  
  83  5:45  Marine, SCV  
  83  5:46  SCV  
  83  5:47  Supply Depot, Marine  
  87  5:54  Supply Depot, SCV  
  87  5:56  Marine  
  89  5:57  Marine  
  89  5:58  Marine  
  89  6:02  Marine  
  89  6:03  Combat Shield  
  92  6:05  SCV  
  92  6:08  Marine  
  92  6:09  Siege Tank, SCV  
  92  6:10  SCV  
  99  6:14  Marine  
  99  6:15  Marine  
  99  6:17  SCV  
  99  6:18  Supply Depot  
  102  6:21  SCV  
  102  6:23  SCV  
  102  6:24  Marine  
  105  6:27  Medivac x2  
  105  6:32  Supply Depot  
  109  6:39  Marine x3, SCV x3  
  115  6:41  Supply Depot  
  115  6:44  Supply Depot, Marine x2  
  115  6:45  Supply Depot  
  117  6:54  SCV x2  
  119  6:57  Marine x3  
  122  7:01  Barracks x2  
  122  7:03  Armory  
  122  7:04  Marine  
  122  7:05  Marine  
  122  7:07  Factory  
  119  7:09  SCV  
  119  7:11  SCV  
  119  7:14  Marine x2  
  123  7:18  Marine  
  123  7:22  Marine x2  
  124  7:26  SCV  
  124  7:29  SCV x2  
  129  7:32  Marine x2  
  129  7:36  Marine  
  125  7:38  SCV  
  125  7:40  Marine x2  
  125  7:42  Siege Tank  
  131  7:46  Medivac  
  131  7:49  Medivac  
  131  7:50  Marine x2  
  136  7:54  Marine  
  136  7:56  Marine  
  136  7:57  Marine  
  136  7:58  Marine x2  
  139  7:59  Command Center  
  141  8:08  Marine x2  
  141  8:11  Marine, Terran Infantry Weapons Level 2, Terran Infantry Armor Level 2  
  143  8:16  Marine x2  
  133  8:24  Drilling Claws, Barracks Reactor x2  
  133  8:26  Marine x2, SCV  
  125  8:27  Missile Turret, SCV  
  125  8:29  Marine  
  125  8:30  SCV  
  125  8:34  Marine x2  
  129  8:38  SCV  
  130  8:43  SCV  
  130  8:44  Marine x2  
  130  8:46  Refinery x2  
  130  8:47  Marine  
  131  8:51  Marine  
  131  8:52  Marine, SCV  
  130  8:56  SCV  
  130  9:01  Marine x3  
  130  9:02  Marine  
  122  9:03  Marine  
  122  9:04  Marine  
  122  9:05  Marine, SCV  
  122  9:09  Marine x2  
  122  9:12  SCV  
  122  9:14  Command Center  
  120  9:19  Marine x3  
  120  9:20  Marine, Thor  
  120  9:21  Marine x2  
  120  9:23  Marine  
  128  9:26  Factory Reactor  
  128  9:27  Marine x2  
  130  9:31  Missile Turret  
  130  9:33  Barracks x3  
  130  9:34  Missile Turret  
  130  9:37  Marine x3  
  130  9:38  Marine, SCV x2  
  134  9:39  Marine x2  
  134  9:40  Marine  
  134  9:43  Missile Turret, SCV  
  134  9:44  Sensor Tower  
  134  9:45  Marine x2  
  142  9:46  Terran Vehicle And Ship Armor Level 1  
  140  9:55  Marine x3  
  140  9:57  Marine  
  140  9:58  Marine  
  147  10:03  Marine x2  
  147  10:09  Supply Depot, Thor  
  147  10:10  Supply Depot x2, Missile Turret, Medivac  
  147  10:12  Supply Depot, Marine  
  147  10:13  Marine x2  
  157  10:14  Barracks Tech Lab  
  157  10:26  Barracks Tech Lab x3  
  157  10:31  Marine x5, Widow Mine x2, SCV x3  
  167  10:41  Terran Infantry Weapons Level 3  
  161  10:43  SCV x2  
  161  10:47  Terran Infantry Armor Level 3  
  161  10:49  Marauder  
  165  10:52  Missile Turret, Widow Mine  
  165  10:54  Marauder  
  169  10:58  Sensor Tower  
  169  10:59  Planetary Fortress  
  169  11:07  Widow Mine  
  169  11:11  Medivac x2  
  175  11:13  Marauder x4  
  175  11:15  Widow Mine x2  
  175  11:17  Concussive Shells  
  187  11:25  Command Center  
  187  11:31  Marauder  
  187  11:35  Marauder x2  
  187  11:39  Widow Mine x2  
  195  11:42  Marauder x2  
  195  11:45  Marine  
  198  11:50  Marine  
  199  11:56  Command Center  
  199  12:01  Marine, Marauder  
  186  12:02  Marine, Marauder  
  186  12:03  Marauder  
  186  12:05  Marine, Marauder  
  192  12:11  Starport, Medivac  
  192  12:12  Starport, Medivac, Fusion Core  
  192  12:14  Marauder  
  194  12:17  Supply Depot, Marine  
  194  12:22  Marauder  
  197  12:23  Marine, Marauder  
  200  12:32  Supply Depot  
  194  12:37  Marine, Marauder  
  194  12:41  Marine  
  194  12:42  Marine, Marauder  
  194  12:43  Marine, Marauder  
  194  12:44  Marine x2, Marauder  
  185  12:45  Marauder  
  174  12:55  Marine  
  146  12:58  Marine  
  146  12:59  Marine  
  146  13:00  Thor, Marine  
  146  13:01  Marine x2  
  146  13:02  Marine  
  146  13:03  Marauder  
  146  13:04  Marauder  
  146  13:05  Marine x2  
  163  13:10  Orbital Command  
  166  13:12  Marine  
  166  13:13  Widow Mine x2  
  166  13:15  Starport Reactor, Starport Tech Lab, Missile Turret  
  166  13:17  Missile Turret  
  169  13:22  Marauder  
  169  13:23  Marauder  
  173  13:27  Neosteel Armor  
  175  13:34  Widow Mine x2  
  175  13:38  Liberator  
  174  13:42  SCV x4  
  174  13:45  Advanced Ballistics  
  178  13:51  Planetary Fortress  
  178  13:53  Missile Turret x2, Sensor Tower  
  178  13:58  Missile Turret  
  181  14:04  Marauder  
  181  14:06  Widow Mine  
  181  14:07  Liberator  
  181  14:08  Marine  
  181  14:09  Marauder x2  
  190  14:16  Marine, Medivac  
  193  14:17  Marauder  
  193  14:20  Marine, Marauder  
  193  14:23  Liberator, Marine  
  200  14:28  Ghost Academy  
  200  14:30  Marauder  
  191  14:39  Command Center  
  191  14:41  Refinery  
  191  14:44  Widow Mine  
  191  14:45  Widow Mine x2  
  200  14:57  Marauder  
  200  15:00  Personal Cloaking  
  200  15:02  Command Center  
  173  15:37  Marine, Marauder  
  173  15:38  Marine  
  173  15:39  Liberator x5, Marauder  
  173  15:42  SCV x3  
  176  15:46  Orbital Command  
  176  15:49  Marine  
  129  15:50  Marauder  
  129  15:54  SCV  
  129  15:55  Marauder, SCV x2  
  129  15:56  Marauder  
  133  15:59  Marauder  
  133  16:00  Marauder  
  128  16:07  SCV  
  126  16:11  Marauder  
  126  16:15  Marine  
  126  16:16  Marauder  
  126  16:17  Marauder  
  126  16:18  Marine  
  110  16:21  Marauder  
  110  16:22  Liberator, Marine, Marauder  
  110  16:23  Marine  
  98  16:25  Nuke  
  98  16:27  SCV  
  98  16:32  Marine x2  
  101  16:33  Marine, Marauder  
  101  16:36  Marine, Orbital Command  
  101  16:38  Marauder x2  
  101  16:39  Marine  
  110  16:40  SCV  
  110  16:41  SCV  
  112  16:47  SCV x3  
  112  16:53  SCV x2  
  117  16:56  Medivac  
  117  16:58  Medivac  
  117  16:59  SCV  
  117  17:00  SCV  
  124  17:05  Widow Mine x3  
  124  17:07  SCV  
  130  17:11  SCV x3  
  130  17:13  Ghost  
  134  17:26  Thor, Widow Mine  
  134  17:27  Planetary Fortress  
  134  17:29  SCV x4  
  129  17:31  SCV  
  129  17:33  Marine  
  131  17:41  Sensor Tower, SCV x4  
  131  17:43  SCV  
  136  17:47  Sensor Tower  
  136  17:53  SCV x4  
  136  17:55  SCV  
  136  17:56  Widow Mine  
  136  17:57  Widow Mine  
  145  18:04  Sensor Tower  
  145  18:05  SCV x3  
  145  18:06  Missile Turret  
  145  18:07  Marine  
  145  18:10  SCV x2  
  145  18:12  Marauder  
  153  18:17  SCV x2  
  153  18:18  SCV  
  143  18:22  SCV x2  
  145  18:29  SCV  
  145  18:30  SCV  
Tags
 
Add a new tag
Caveats
  • Supply blocks, unpowered buildings, or Contaminate may cause inaccurate times.
  • Supply counts are checked every 10 seconds.